 Dungeon Crawl Stone Soup version 0.28-a0-932-g843f935a50 (webtiles) character file.

Game seed: 8790094359844887979

126502 Crownlay the Thaumaturge (level 16, -2/125 HPs)
             Began as a Gnoll Ice Elementalist on Nov 27, 2021.
             Was a Believer of Uskayaw.
             Slain by an azure jelly (3 damage)
             ... on level 1 of the Spider Nest.
             The game lasted 01:34:24 (35749 turns).

Crownlay the Thaumaturge (Gnoll Ice Elementalist)  Turns: 35749, Time: 01:34:25

Health: -2/125     AC: 27    Str:  7    XL:     16   Next: 98%
Magic:  0/32       EV: 18    Int: 24    God:    Uskayaw [**....]
Gold:   1405       SH: 13    Dex: 14    Spells: 21/39 levels left

rFire   + . .      SeeInvis .   c - +8 trident of the Octopus King {venom, rElec rPois Will+}
rCold   + . .      Faith    .   u - +1 buckler {AC+3}
rNeg    . . .      Spirit   .   a - +2 robe {Will+}
rPois   +          Reflect  +   W - +2 helmet
rElec   +          Harm     .   U - scarf {rC+ rF+}
rCorr   .          Rampage  .   i - +3 pair of traumaturge's gloves {Infuse+∞, RegenMP, Int-3}
Will    +++++                   w - +0 pair of boots
Stlth   +++++.....              Q - amulet of reflection
HPRegen 0.30/turn               l - +6 ring of intelligence
MPRegen 0.63/turn               N - ring "Useobrufet" {rPois Will++}

@: ice-armoured
A: fangs 1, strong nose, distributed training
a: Renounce Religion, Stomp, Line Pass


You were on level 1 of the Spider Nest.
You worshipped Uskayaw.
Uskayaw was pleased with you.
You visited 5 branches of the dungeon, and saw 25 of its levels.
You also visited: Bailey.

You collected 3711 gold pieces.
You spent 2306 gold pieces at shops.

Inventory:

Hand Weapons
 c - the +8 trident of the Octopus King (weapon) {venom, rElec rPois Will+}
   (You bought it in a shop on level 2 of the Orcish Mines)

   It poisons the flesh of those it strikes.
   rElec:     It insulates you from electricity.
   rPois:     It protects you from poison.
   Will:      It increases your willpower.
Missiles
 o - 26 javelins
Armour
 a - a +2 robe of willpower (worn)
 i - the +3 pair of traumaturge's gloves (worn) {Infuse+∞, RegenMP, Int-3}
   (You acquired it on level 7 of the Dungeon)

   It empowers its wearer's blows with all of their magic.
   It causes its wearer's magical reserves to regenerate more quickly.
   Int:       It affects your intelligence (-3).
 u - a +1 buckler of protection (worn)
 w - a +0 pair of boots (worn)
 G - a +2 kite shield
 U - a scarf of resistance (worn)
 W - a +2 helmet (worn)
Magical Staves
 z - a staff of earth
 I - a staff of death
 R - a staff of cold
Jewellery
 l - a +6 ring of intelligence (left hand)
 A - an amulet of faith
 N - the ring "Useobrufet" (right hand) {rPois Will++}
   (You found it on level 8 of the Dungeon)

   [ring of poison resistance]

   rPois:     It protects you from poison.
   Will:      It greatly increases your willpower.
 Q - an amulet of reflection (around neck)
Wands
 r - a wand of flame (53)
 B - a wand of polymorph (10)
 D - a wand of iceblast (32)
 M - a wand of mindburst (29)
Scrolls
 b - 3 scrolls of summoning
 j - 8 scrolls of teleportation
 k - 6 scrolls of amnesia
 m - 4 scrolls of fog
 s - 6 scrolls of immolation
 x - 8 scrolls of enchant armour
 C - a scroll of brand weapon
 F - 10 scrolls of magic mapping
 H - a scroll of enchant weapon
 K - a scroll of silence
 P - a scroll of vulnerability
 T - a scroll of holy word {unknown}
 X - 2 scrolls of fear
Potions
 d - 2 potions of mutation
 e - 7 potions of attraction
 f - 2 potions of heal wounds
 g - 4 potions of haste
 h - 2 potions of flight
 n - 6 potions of brilliance
 p - 11 potions of curing
 q - 4 potions of lignification
 v - 4 potions of cancellation
 E - a potion of magic
 L - 3 potions of resistance
 O - 16 potions of ambrosia
 S - 2 potions of invisibility
Miscellaneous
 t - a lightning rod (4/4)


   Skills:
 + Level 11.3 Fighting
 + Level 11.3 Short Blades
 + Level 11.3 Long Blades
 + Level 11.3 Axes
 + Level 11.3 Maces & Flails
 + Level 11.3 Polearms
 + Level 11.3 Staves
 + Level 11.3 Slings
 + Level 11.3 Bows
 + Level 11.3 Crossbows
 + Level 11.3 Throwing
 + Level 11.3 Armour
 + Level 12.2 Dodging
 + Level 12.0 Stealth
 + Level 11.3 Shields
 + Level 11.3 Unarmed Combat
 + Level 12.3 Spellcasting
 + Level 9.5 Conjurations
 + Level 9.5 Hexes
 + Level 9.5 Summonings
 + Level 9.5 Necromancy
 + Level 9.5 Translocations
 + Level 9.5 Transmutations
 + Level 9.5 Fire Magic
 + Level 11.8 Ice Magic
 + Level 9.5 Air Magic
 + Level 9.5 Earth Magic
 + Level 9.5 Poison Magic
 + Level 12.3 Invocations
 + Level 11.3 Evocations


You had 21 spell levels left.
You knew the following spells:

 Your Spells              Type           Power      Damage    Failure   Level
a - Freeze                Ice            100%       1d11      1%          1
b - Frozen Ramparts       Ice            100%       1d12      1%          3
c - Ozocubu's Armour      Ice            64%        N/A       1%          3
d - Hailstorm             Conj/Ice       60%        3d13      1%          4
e - Searing Ray           Conj           100%       2d8       1%          2
f - Freezing Cloud        Conj/Ice/Air   29%        6-21      1%          5

Your spell library contained the following spells:

 Spells                   Type           Power      Damage    Failure   Level
 Magic Dart               Conj           100%       1d8       1%          1
 Sandblast                Erth           100%       2d20      1%          1
 Sting                    Tmut/Pois      100%       1d8       1%          1
 Passwall                 Tmut/Erth      47%        N/A       1%          2
 Poisonous Vapours        Pois/Air       100%       N/A       1%          2
 Call Canine Familiar     Summ           57%        N/A       1%          3
 Ignite Poison            Fire/Tmut/Pois 57%        N/A       1%          3
 Mephitic Cloud           Conj/Pois/Air  57%        N/A       1%          3
 Portal Projectile        Hex/Tloc       100%       N/A       1%          3
 Stone Arrow              Conj/Erth      100%       3d13      1%          3
 Animate Armour           Summ/Erth      100%       N/A       1%          4
 Fulminant Prism          Conj/Hex       28%        3d14      1%          4
 Leda's Liquefaction      Hex/Erth       28%        N/A       1%          4
 Olgreb's Toxic Radiance  Pois           57%        N/A       1%          4
 Passage of Golubria      Tloc           57%        N/A       1%          4
 Silence                  Hex/Air        28%        N/A       2%          5
 Malign Gateway           Summ/Tloc      28%        N/A       56%         7
 Lehudib's Crystal Spear  Conj/Erth      28%        10d8      99%         8
 Summon Horrible Things   Summ           28%        N/A       99%         8


Dungeon Overview and Level Annotations

Branches:
Dungeon (15/15)            Temple (1/1) D:7            Lair (6/6) D:8
  Swamp (0/4) Lair:2       Spider (1/4) Lair:3        Slime (0/5) Lair:6
    Orc (2/2) D:11            Elf (0/3) Orc:2        Vaults (0/5) D:13
 Depths (0/4) D:15         Bailey (visited)

Altars:
Ashenzari
Cheibriados
Dithmenos
Elyvilon
Fedhas
Gozag
Hepliaklqana
Kikubaaqudgha
Makhleb
Nemelex Xobeh
Okawaru
Qazlal
Ru
Sif Muna
Trog
Uskayaw
Vehumet
Wu Jian
Xom
Yredelemnul
Zin
The Shining One
Jiyva

Shops:
D:5 (   D:7 !   D:12 *   Orc:2 *[=(*

Portals:
Trove: D:15 (give 18 potions of curing)
Ice
Cave: Spider:1


Innate Abilities, Weirdness & Mutations

You have very sharp teeth.
Your uncanny sense of smell can sniff out nearby items.
Your experience applies equally to all skills.


Message History

The azure jelly is moderately wounded.
The azure jelly closely misses you.
The azure jelly hits you but does no damage.
You block the azure jelly's attack.
The azure jelly hits you but does no damage.
You puncture the azure jelly!
The azure jelly is heavily wounded.
The azure jelly misses you. You block the azure jelly's attack.
The azure jelly completely misses you.
The azure jelly hits you but does no damage.
You hit the azure jelly.
The azure jelly is heavily wounded.
The azure jelly completely misses you. The azure jelly hits you.
The azure jelly freezes you!! You resist.
* * * LOW HITPOINT WARNING * * *
The azure jelly hits you but does no damage.
The azure jelly barely misses you.
You barely miss the azure jelly.
The azure jelly is heavily wounded.
The azure jelly jiggles.
You block the azure jelly's attack. The azure jelly completely misses you.
The azure jelly hits you but does no damage.
You block the azure jelly's attack.
You hit the azure jelly.
The azure jelly is heavily wounded.
You hear the faint crackling of a melting archway.
You block the azure jelly's attack. The azure jelly misses you.
The azure jelly hits you but does no damage. x2
You hit the azure jelly.
The azure jelly is severely wounded.
You puncture the azure jelly!
The azure jelly looks even sicker.
The azure jelly is severely wounded.
The azure jelly hits you.
* * * LOW HITPOINT WARNING * * *
The azure jelly freezes you! You resist.
* * * LOW HITPOINT WARNING * * *
You block the azure jelly's attack. The azure jelly hits you.
* * * LOW HITPOINT WARNING * * *
The azure jelly hits you.
You die...

,...........,,,,..............###
*..^.......#****#...............≈
,..........# *,,##.............≈#
,.......^.^###...##(!..........##
*..........'.J...∩#.......^..###
,.........W###...##..........#
,..........# *,,##.......^#..#
,..........######...≈..≈...###
,....#.....†..WJ@....≈≈≈##≈#
,...,###......W##.....######
,..,,,,#.......###.#.##
,,,,,,,##........#####
,,,,,,,,#≈#........,*
,,,*,,,≈≈####.......***
,,,***≈≈≈* #.......,≈* ,,,,**≈##*
##....≈≈≈≈* ,,,***** *,***≈≈***


You could see an azure jelly (very poisoned) and 2 freezing wraiths.

Vanquished Creatures
  Rupert (D:13)
  Frances (D:14)
  An orc warlord (Orc:2)
  A very ugly thing (D:15)
  The ghost of Adot Bir the Severer, a journeyman DDGl of Makhleb (Lair:4)
  An entropy weaver (Spider:1)
  Azrael (Orc:2)
  A great orb of eyes (D:15)
  Harold (D:7)
  8 vault guards (D:13)
  5 boulder beetles
  An ogre mage (D:15)
  10 hydras
  6 centaur warriors
  3 catoblepae
  11 death yaks
  5 tengu warriors
  4 slime creatures (D:15)
  7 two-headed ogres
  5 orc high priests
  Urug (Lair:1)
  A shock serpent (shapeshifter) (D:14)
  Nergalle (Lair:4)
  Pikel (D:7)
  A lindwurm (Lair:6)
  A deep elf pyromancer (D:14)
  3 orc knights (Orc:2)
  4 wolf spiders
  An orb spider (Spider:1)
  A will-o-the-wisp (Lair:2)
  A manticore (shapeshifter) (D:15)
  A moth of wrath (Spider:1)
  12 ugly things
  4 orc sorcerers
  3 manticores
  2 black mambas (Lair:3)
  3 cyclopes
  The ghost of kwass the Skirmisher, a novice GnAK of Lugonu (D:6)
  25 elephants
  8 cane toads
  A gargoyle (D:12)
  3 torpor snails
  An unseen horror (D:13)
  2 rime drakes
  16 komodo dragons
  3 efreet
  3 demonic crawlers (Spider:1)
  3 kobold demonologists
  A tengu conjurer (D:14)
  A queen bee (D:12)
  5 trolls
  3 meliai (D:12)
  3 polar bears
  5 jumping spiders (Spider:1)
  9 hornets
  4 dream sheep (Lair:3)
  Prince Ribbit (Lair:3)
  29 blink frogs
  A centaur simulacrum (D:15)
  2 vampires
  3 water elementals (D:15)
  4 redbacks
  A hog (shapeshifter) (D:15)
  14 spriggans (Lair:6)
  66 yaks
  Sigmund (D:4)
  Eustachio (D:6)
  A tarantella (Spider:1)
  7 basilisks
  8 wyverns
  A fire elemental (Orc:2)
  Grum (D:10)
  A steam dragon (Lair:5)
  Menkaure (D:7)
  5 vampire mosquitoes (D:13)
  5 wargs
  3 acid dragons
  22 water moccasins
  5 hell hounds
  Duvessa (D:4)
  A sky beast (D:7)
  A swamp drake (D:8)
  4 black bears (Lair:6)
  38 orc warriors
  An ice beast (D:6)
  4 ogres
  21 wolves
  3 boggarts (Lair:6)
  3 necrophages
  19 centaurs
  2 lemures (D:7)
  4 phantoms
  9 kobold brigands
  10 bullfrogs
  2 gnoll sergeants
  A scorpion (D:6)
  A water moccasin skeleton (D:4)
  Dowan (D:4)
  20 killer bees (D:12)
  5 wights (D:8)
  An oklob sapling (D:7)
  A howler monkey (D:9)
  An electric eel (D:15)
  2 centaur zombies
  4 quasits (D:6)
  3 hounds
  2 jellies (D:6)
  Crazy Yiuf (D:2)
  A bullfrog skeleton (D:5)
  7 orc priests
  A centaur skeleton (D:5)
  Terence (D:3)
  Natasha (thrice) (D:3)
  3 iguanas
  A hell rat (D:8)
  21 orc wizards
  A killer bee zombie (D:7)
  A hound skeleton (D:4)
  A howler monkey zombie (D:10)
  7 gnolls
  9 adders
  7 river rats (D:8)
  An ufetubus (D:5)
  3 worms
  4 dart slugs
  75 orcs
  10 bats
  9 endoplasms
  3 giant cockroaches
  9 goblins
  10 hobgoblins
  39 kobolds
  9 quokkas
  7 ball pythons
  7 frilled lizards
  22 rats
833 creatures vanquished.

Vanquished Creatures (others)
  An ugly thing (D:14)
  2 bushes
  2 foxfires (Lair:2)
  36 fungi
  76 plants
117 creatures vanquished.

Grand Total: 950 creatures vanquished

Notes
Turn   | Place    | Note
-------+----------+-------------------------------------------
     0 | D:1      | Crownlay the Gnoll Ice Elementalist began the quest for the
                  | Orb.
     0 | D:1      | Reached XP level 1. HP: 13/13 MP: 6/6
   304 | D:1      | Found a faded altar of an unknown god.
   314 | D:1      | Reached XP level 2. HP: 11/19 MP: 5/7
  1017 | D:1      | Reached XP level 3. HP: 25/25 MP: 9/9
  1034 | D:1      | Reached skill level 5 in Spellcasting
  1068 | D:1      | Learned a level 3 spell: Frozen Ramparts
  1072 | D:1      | Learned a level 3 spell: Ozocubu's Armour
  1487 | D:2      | Reached skill level 1 in Invocations
  1894 | D:2      | Reached skill level 1 in Fighting
  1894 | D:2      | Reached skill level 1 in Short Blades
  1894 | D:2      | Reached skill level 1 in Long Blades
  1894 | D:2      | Reached skill level 1 in Axes
  1894 | D:2      | Reached skill level 1 in Maces & Flails
  1894 | D:2      | Reached skill level 1 in Polearms
  1894 | D:2      | Reached skill level 1 in Staves
  1894 | D:2      | Reached skill level 1 in Slings
  1894 | D:2      | Reached skill level 1 in Bows
  1894 | D:2      | Reached skill level 1 in Crossbows
  1894 | D:2      | Reached skill level 1 in Throwing
  1894 | D:2      | Reached skill level 1 in Armour
  1894 | D:2      | Reached skill level 1 in Shields
  1894 | D:2      | Reached skill level 1 in Unarmed Combat
  1894 | D:2      | Reached skill level 1 in Evocations
  1894 | D:2      | Reached XP level 4. HP: 32/32 MP: 8/11
  2042 | D:2      | Found a runed translucent door.
  2043 | D:2      | Noticed Crazy Yiuf
  2060 | D:2      | Killed Crazy Yiuf
  2061 | D:2      | Reached skill level 1 in Conjurations
  2061 | D:2      | Reached skill level 1 in Hexes
  2061 | D:2      | Reached skill level 1 in Summonings
  2061 | D:2      | Reached skill level 1 in Necromancy
  2061 | D:2      | Reached skill level 1 in Translocations
  2061 | D:2      | Reached skill level 1 in Transmutations
  2061 | D:2      | Reached skill level 1 in Fire Magic
  2061 | D:2      | Reached skill level 1 in Air Magic
  2061 | D:2      | Reached skill level 1 in Earth Magic
  2061 | D:2      | Reached skill level 1 in Poison Magic
  2416 | D:3      | Noticed Natasha
  2753 | D:3      | Reached XP level 5. HP: 12/37 MP: 12/12
  2890 | D:3      | Killed Natasha
  3241 | D:3      | Noticed Terence
  3245 | D:3      | Killed Terence
  3469 | D:3      | Noticed Natasha
  3481 | D:3      | Killed Natasha
  3482 | D:3      | Reached XP level 6. HP: 41/44 MP: 7/13
  3690 | D:3      | Noticed Natasha
  3697 | D:3      | Killed Natasha
  3801 | D:3      | Noticed a necrophage
  3811 | D:3      | Killed a necrophage
  3812 | D:3      | Reached skill level 5 in Dodging
  4412 | D:4      | Reached XP level 7. HP: 40/50 MP: 9/15
  4768 | D:4      | Noticed Dowan
  4776 | D:4      | Noticed Duvessa
  4783 | D:4      | Killed Duvessa
  4783 | D:4      | Killed Dowan
  4784 | D:4      | Reached skill level 5 in Stealth
  4978 | D:4      | Noticed Sigmund
  4986 | D:4      | Killed Sigmund
  4987 | D:4      | Reached XP level 8. HP: 57/57 MP: 10/16
  5117 | D:4      | Found a blossoming altar of Fedhas.
  5483 | D:5      | Entered Level 5 of the Dungeon
  6134 | D:5      | Found Qoptakaf's Antique Weapon Boutique.
  6209 | D:5      | Found a bloodstained altar of Trog.
  6477 | D:6      | Noticed Eustachio
  6503 | D:6      | Killed Eustachio
  6504 | D:6      | Reached XP level 9. HP: 60/65 MP: 8/18
  6596 | D:6      | Found a transporter.
  6598 | D:6      | Noticed kwass's ghost (novice GnAK)
  6850 | D:6      | Found a transporter.
  7695 | D:7      | Noticed Menkaure
  7704 | D:7      | Killed Menkaure
  7724 | D:7      | Found a flagged portal.
  7725 | D:7      | Noticed Harold
  7743 | D:7      | Killed Harold
  7744 | D:7      | Reached skill level 5 in Invocations
  7754 | Bailey   | Entered a bailey
  7889 | Bailey   | Learned a level 4 spell: Hailstorm
  8211 | Bailey   | Reached XP level 10. HP: 73/73 MP: 14/20
  8480 | Bailey   | Reached skill level 5 in Fighting
  8480 | Bailey   | Reached skill level 5 in Short Blades
  8480 | Bailey   | Reached skill level 5 in Long Blades
  8480 | Bailey   | Reached skill level 5 in Axes
  8480 | Bailey   | Reached skill level 5 in Maces & Flails
  8480 | Bailey   | Reached skill level 5 in Polearms
  8480 | Bailey   | Reached skill level 5 in Staves
  8480 | Bailey   | Reached skill level 5 in Slings
  8480 | Bailey   | Reached skill level 5 in Bows
  8480 | Bailey   | Reached skill level 5 in Crossbows
  8480 | Bailey   | Reached skill level 5 in Throwing
  8480 | Bailey   | Reached skill level 5 in Armour
  8480 | Bailey   | Reached skill level 5 in Shields
  8480 | Bailey   | Reached skill level 5 in Unarmed Combat
  8480 | Bailey   | Reached skill level 5 in Evocations
  9397 | D:7      | Acquired the +3 pair of traumaturge's gloves {Infuse+∞,
                  | RegenMP, Int-3}
  9397 | D:7      | Found the +3 pair of traumaturge's gloves {Infuse+∞,
                  | RegenMP, Int-3}
  9738 | D:7      | Found Erun's Distillery.
  9747 | D:7      | Bought a potion of curing for 36 gold pieces
  9747 | D:7      | Bought a potion of lignification for 36 gold pieces
  9747 | D:7      | Bought a potion of might for 48 gold pieces
  9747 | D:7      | Bought a potion of attraction for 36 gold pieces
  9747 | D:7      | Acquired 364 gold pieces
  9922 | D:7      | Found a staircase to the Ecumenical Temple.
  9937 | Temple   | Entered the Ecumenical Temple
 10143 | D:7      | Noticed Pikel
 10154 | D:7      | Killed Pikel
 10715 | D:8      | Identified the ring "Useobrufet" {rPois Will++}
 11289 | D:8      | Reached XP level 11. HP: 81/81 MP: 1/22
 11471 | D:8      | Found a staircase to the Lair.
 11607 | D:8      | Found an iron altar of Okawaru.
 11608 | D:8      | Found a sacrificial altar of Ru.
 11609 | D:8      | Found a hide-covered altar of Uskayaw.
 11612 | D:8      | Found an ornate altar of the Wu Jian Council.
 11617 | D:8      | Became a worshipper of Uskayaw the Reveller
 11705 | D:9      | Reached * piety under Uskayaw
 11706 | D:9      | Reached ** piety under Uskayaw
 11708 | D:9      | Reached *** piety under Uskayaw
 11717 | D:9      | Reached **** piety under Uskayaw
 11800 | D:9      | Reached skill level 5 in Conjurations
 11800 | D:9      | Reached skill level 5 in Hexes
 11800 | D:9      | Reached skill level 5 in Summonings
 11800 | D:9      | Reached skill level 5 in Necromancy
 11800 | D:9      | Reached skill level 5 in Translocations
 11800 | D:9      | Reached skill level 5 in Transmutations
 11800 | D:9      | Reached skill level 5 in Fire Magic
 11800 | D:9      | Reached skill level 5 in Air Magic
 11800 | D:9      | Reached skill level 5 in Earth Magic
 11800 | D:9      | Reached skill level 5 in Poison Magic
 12669 | D:9      | Acquired a staff of cold
 12671 | D:9      | Acquired 916 gold pieces
 12673 | D:9      | Acquired an amulet of reflection
 12717 | D:10     | Entered Level 10 of the Dungeon
 12718 | D:10     | Noticed Grum
 12770 | D:10     | Killed Grum
 12923 | D:10     | Reached ***** piety under Uskayaw
 13143 | D:10     | Noticed a two-headed ogre
 13146 | D:10     | Killed a two-headed ogre
 13229 | D:10     | Found a shadowy altar of Dithmenos.
 13230 | D:10     | Found a hazy altar of Hepliaklqana.
 13665 | D:11     | Found a staircase to the Orcish Mines.
 13721 | D:11     | Identified the +5 chain mail of the Hart {rElec Int+2}
 14180 | D:11     | Noticed a two-headed ogre
 14187 | D:11     | Killed a two-headed ogre
 14236 | D:11     | Reached XP level 12. HP: 89/89 MP: 15/24
 14539 | D:12     | Noticed a boulder beetle
 14552 | D:12     | Killed a boulder beetle
 15225 | D:12     | Noticed a five-headed hydra
 15232 | D:12     | Killed a five-headed hydra
 15770 | D:12     | Found Bubyed's Gadget Gallery.
 15795 | D:12     | Noticed a two-headed ogre
 15802 | D:12     | Killed a two-headed ogre
 15900 | D:12     | Noticed a two-headed ogre
 15914 | D:12     | Killed a two-headed ogre
 16089 | D:12     | Noticed a two-headed ogre
 16101 | D:12     | Killed a two-headed ogre
 16344 | D:12     | Noticed a centaur warrior
 16352 | D:12     | Killed a centaur warrior
 16798 | Lair:1   | Entered Level 1 of the Lair of Beasts
 16831 | Lair:1   | Reached ****** piety under Uskayaw
 17248 | Lair:1   | Noticed Urug
 17257 | Lair:1   | Killed Urug
 17258 | Lair:1   | Reached XP level 13. HP: 80/98 MP: 1/26
 18061 | Lair:2   | Reached skill level 10 in Ice Magic
 18872 | Lair:2   | Reached skill level 10 in Spellcasting
 19306 | Lair:2   | Found a staircase to the Swamp.
 19820 | Lair:3   | Reached skill level 10 in Dodging
 19820 | Lair:3   | Reached XP level 14. HP: 106/106 MP: 24/28
 19869 | Lair:3   | Reached skill level 10 in Stealth
 20310 | Lair:3   | Noticed Prince Ribbit
 20333 | Lair:3   | Killed Prince Ribbit
 20373 | Lair:3   | Reached skill level 10 in Invocations
 20676 | Lair:3   | Found a hole to the Spider Nest.
 22116 | Lair:4   | Found a runed translucent gate.
 22117 | Lair:4   | Found a runed translucent gate.
 22117 | Lair:4   | Noticed Adot Bir's ghost (journeyman DDGl)
 22118 | Lair:4   | Found a runed translucent gate.
 22188 | Lair:4   | Noticed Nergalle
 22194 | Lair:4   | Killed Nergalle
 22338 | Lair:4   | Killed Adot Bir's ghost
 23950 | Lair:6   | Entered Level 6 of the Lair of Beasts
 23950 | Lair:6   | Found a stormy altar of Qazlal.
 23963 | Lair:6   | Reached XP level 15. HP: 91/115 MP: 20/29
 24223 | Lair:6   | Found a viscous altar of Jiyva.
 24393 | Lair:6   | Found a staircase to the Slime Pits.
 24458 | Lair:6   | Reached skill level 10 in Fighting
 24458 | Lair:6   | Reached skill level 10 in Short Blades
 24458 | Lair:6   | Reached skill level 10 in Long Blades
 24458 | Lair:6   | Reached skill level 10 in Axes
 24458 | Lair:6   | Reached skill level 10 in Maces & Flails
 24458 | Lair:6   | Reached skill level 10 in Polearms
 24458 | Lair:6   | Reached skill level 10 in Staves
 24458 | Lair:6   | Reached skill level 10 in Slings
 24458 | Lair:6   | Reached skill level 10 in Bows
 24458 | Lair:6   | Reached skill level 10 in Crossbows
 24458 | Lair:6   | Reached skill level 10 in Throwing
 24458 | Lair:6   | Reached skill level 10 in Armour
 24458 | Lair:6   | Reached skill level 10 in Shields
 24458 | Lair:6   | Reached skill level 10 in Unarmed Combat
 24458 | Lair:6   | Reached skill level 10 in Evocations
 26601 | Orc:1    | Entered Level 1 of the Orcish Mines
 26640 | Orc:1    | Learned a level 2 spell: Searing Ray
 26702 | Orc:2    | Entered Level 2 of the Orcish Mines
 26995 | Orc:2    | Noticed Azrael
 27009 | Orc:2    | Killed Azrael
 27716 | Orc:2    | Noticed an orc warlord
 27769 | Orc:2    | Killed an orc warlord
 28444 | Orc:2    | Found a staircase to the Elven Halls.
 28473 | Orc:2    | Found Soakotou's CLEARANCE SALE!.
 28485 | Orc:2    | Bought a scroll of amnesia for 14 gold pieces
 28485 | Orc:2    | Bought a scroll of identify for 8 gold pieces
 28945 | Orc:2    | Found Ophogithim's Antique Armour Emporium.
 28946 | Orc:2    | Found Sicijaiz's Antique Weapon Shoppe.
 28948 | Orc:2    | Found Citouh's General Store.
 28948 | Orc:2    | Found Ytytiur's Jewellery Emporium.
 28953 | Orc:2    | Bought a scroll of identify for 30 gold pieces
 28953 | Orc:2    | Bought a potion of berserk rage for 75 gold pieces
 28953 | Orc:2    | Bought a potion of heal wounds for 75 gold pieces
 28967 | Orc:2    | Bought a scorched trident for 144 gold pieces
 28967 | Orc:2    | Identified the +2 trident "Zaiker" {venom, rN+} (You bought
                  | it in a shop on level 2 of the Orcish Mines)
 28967 | Orc:2    | Bought a pitted dagger for 119 gold pieces
 28967 | Orc:2    | Identified the +6 dagger "Q" {vorpal, Int+3} (You bought it
                  | in a shop on level 2 of the Orcish Mines)
 28969 | Orc:2    | Bought a bloodstained scimitar for 153 gold pieces
 28969 | Orc:2    | Identified the +11 scimitar of Foolhardiness {drain, rF+
                  | Will+ MP+9} (You bought it in a shop on level 2 of the
                  | Orcish Mines)
 28969 | Orc:2    | Bought an ancient fustibalus for 340 gold pieces
 28969 | Orc:2    | Identified the +5 fustibalus "Uruann" {freeze, Drain rF+
                  | rCorr Dex+4} (You bought it in a shop on level 2 of the
                  | Orcish Mines)
 28971 | Orc:2    | Bought the +8 trident of the Octopus King {venom, rElec
                  | rPois Will+} for 1156 gold pieces
 28971 | Orc:2    | Found the +8 trident of the Octopus King {venom, rElec
                  | rPois Will+}
 30080 | D:6      | Killed kwass's ghost
 30334 | D:13     | Noticed Rupert
 30348 | D:13     | Killed Rupert
 30349 | D:13     | Reached XP level 16. HP: 47/123 MP: 1/31
 31224 | D:13     | Found a gate to the Vaults.
 32790 | D:14     | Noticed Frances
 32802 | D:14     | Killed Frances
 33071 | D:15     | Entered Level 15 of the Dungeon
 33457 | D:15     | Found a portal to a secret trove of treasure.
 34300 | D:15     | HP: 5/125 [very large slime creature (34)]
 34699 | D:15     | Found a staircase to the Depths.
 35220 | D:7      | Bought a potion of curing for 36 gold pieces
 35593 | Spider:1 | Entered Level 1 of the Spider Nest
 35605 | Lair:3   | Learned a level 5 spell: Freezing Cloud
 35719 | Spider:1 | Found a frozen archway.
 35719 | Spider:1 | Noticed an azure jelly
 35749 | Spider:1 | HP: 6/125 [azure jelly (17)]
 35749 | Spider:1 | HP: 1/125 [azure jelly (5)]
 35749 | Spider:1 | Slain by an azure jelly

Illustrated notes

Levels and vault maps discovered:
D:1:      dpeg_arrival_castle, layout_basic, ebering_ecumenical_altar_abandoned
D:2:      layout_basic, grunt_decor_junction, uniq_crazy_yiuf_cottage
D:3:      layout_basic, palyth_stone_intersect, grunt_ministairs_13,
          minmay_statues_item, amcnicky_mini_rare_corridor_liquid,
          minmay_snake_closets, uniq_natasha, uniq_terence
D:4:      layout_loops_ring, kennysheep_mini_moat, lexackson_kobold_supper,
          uniq_duvessa, uniq_sigmund
D:5:      layout_rooms, trog_butcher_becter, serial_shops, shop
D:6:      layout_cave_pods, gammafunk_ghost_stat_death, uniq_eustachio
D:7:      layout_basic, minmay_temple_entry_oklob, enter_bailey_6, serial_shops,
          shop, minmay_circle_x, uniq_menkaure, uniq_pikel, uniq_harold
D:8:      lemuel_ratsnest, layout_cave_pools, minitemple, erik_lair_dragon
D:9:      layout_basic
D:10:     layout_rooms, riverfiend_overflow_shadow_ancestor, uniq_grum
D:11:     layout_roguey, david_orc_1_choice
D:12:     layout_basic, special_room [special_room_bee], nicolae_shop_gadgets
D:13:     layout_basic, erik_vaults_2, uniq_rupert
D:14:     layout_cave_pods, minmay_misc_feat_five, uniq_frances
D:15:     gammafunk_enter_depths_forms, layout_basic, nrook_mini_vaults,
          enter_trove_2, wad_dig_loot
Temple:   nicolae_temple_great_sept
Lair:1:   layout_loops_ring, serial_bayou_shore_a, serial_bayou_shore_b,
          grunt_megastairs_1, uniq_urug
Lair:2:   layout_loops_ring, minmay_swamp_entry_wisps
Lair:3:   layout_cellular_growth, spider_nest_entry_webs, serial_bayou_pond_b,
          beast_lair_carwin_7, grunt_megastairs_3, infiniplex_staircase_pool,
          lemuel_fruit_fields, uniq_prince_ribbit2
Lair:4:   layout_loops_ring, ebering_ghost_rock_garden, uniq_nergalle
Lair:5:   layout_loops_ring, chequers_serial_rivers_large_b,
          nicolae_lair_grazing_beasts [nicolae_sub_lair_graze_edge,
          nicolae_sub_lair_graze_edge, nicolae_sub_lair_graze_edge,
          nicolae_sub_lair_graze_edge], lemuel_fruit_fields
Lair:6:   minmay_lair_end_enchanted_forest, layout_hall_layers, slime_altar_1,
          basic_altar
Spider:1: layout_spider_delve, portal_ice_cave_entry_frozen_things
Orc:1:    layout_diamond_mine
Orc:2:    st_orc_congregation, layout_diamond_mine, nicolae_shop_clearance,
          uniq_azrael

Skill      XL: |  1  2  3  4  5  6  7  8  9 10 11 12 13 14 15 16 |
---------------+-------------------------------------------------+-----
Spellcasting   | 5 6 7 8 9 10 11 12 | 12.3
Invocations    | 1 2 3 4 5 6 7 8 9 10 11 12 | 12.3
Fighting       | 1 2 3 4 5 6 7 8 9 10 11 | 11.3
Short Blades   | 1 2 3 4 5 6 7 8 9 10 11 | 11.3
Long Blades    | 1 2 3 4 5 6 7 8 9 10 11 | 11.3
Axes           | 1 2 3 4 5 6 7 8 9 10 11 | 11.3
Maces & Flails | 1 2 3 4 5 6 7 8 9 10 11 | 11.3
Polearms       | 1 2 3 4 5 6 7 8 9 10 11 | 11.3
Staves         | 1 2 3 4 5 6 7 8 9 10 11 | 11.3
Slings         | 1 2 3 4 5 6 7 8 9 10 11 | 11.3
Bows           | 1 2 3 4 5 6 7 8 9 10 11 | 11.3
Crossbows      | 1 2 3 4 5 6 7 8 9 10 11 | 11.3
Throwing       | 1 2 3 4 5 6 7 8 9 10 11 | 11.3
Armour         | 1 2 3 4 5 6 7 8 9 10 11 | 11.3
Shields        | 1 2 3 4 5 6 7 8 9 10 11 | 11.3
Unarmed Combat | 1 2 3 4 5 6 7 8 9 10 11 | 11.3
Evocations     | 1 2 3 4 5 6 7 8 9 10 11 | 11.3
Conjurations   | 1 2 3 4 5 6 7 8 9 |  9.5
Hexes          | 1 2 3 4 5 6 7 8 9 |  9.5
Summonings     | 1 2 3 4 5 6 7 8 9 |  9.5
Necromancy     | 1 2 3 4 5 6 7 8 9 |  9.5
Translocations | 1 2 3 4 5 6 7 8 9 |  9.5
Transmutations | 1 2 3 4 5 6 7 8 9 |  9.5
Fire Magic     | 1 2 3 4 5 6 7 8 9 |  9.5
Air Magic      | 1 2 3 4 5 6 7 8 9 |  9.5
Earth Magic    | 1 2 3 4 5 6 7 8 9 |  9.5
Poison Magic   | 1 2 3 4 5 6 7 8 9 |  9.5
Dodging        | 5 6 7 8 9 10 11 12 | 12.2
Stealth        | 5 6 7 8 9 10 11 12 | 12.0
Ice Magic      | 8 9 10 11 | 11.8

Action                   |  1- 3 |  4- 6 |  7- 9 | 10-12 | 13-15 | 16-18 || total
-------------------------+-------+-------+-------+-------+-------+-------++-------
Melee: Mace              |     9 |       |       |       |       |       ||     9
       Unarmed           |     3 |       |       |       |       |       ||     3
       Hand axe          |    12 |   131 |    26 |       |       |       ||   169
       Bite              |     1 |    10 |    10 |    19 |    41 |     5 ||    86
       War axe           |       |       |   111 |       |       |       ||   111
       Spear             |       |       |    45 |   287 |   471 |       ||   803
       Punch             |       |       |     2 |     3 |    13 |       ||    18
       Trident           |       |       |       |       |    29 |   102 ||   131
Throw: Javelin           |       |       |     3 |     3 |    40 |    10 ||    56
 Cast: Freeze            |    45 |     6 |    14 |    13 |    93 |       ||   171
       Frozen Ramparts   |       |    11 |    24 |    69 |    86 |    31 ||   221
       Ozocubu's Armour  |       |     8 |    18 |    47 |    59 |    30 ||   162
       Hailstorm         |       |       |     5 |    39 |    48 |    15 ||   107
       Searing Ray       |       |       |       |       |    67 |    52 ||   119
       Freezing Cloud    |       |       |       |       |       |     3 ||     3
Evoke: Wand              |       |       |       |     5 |       |     3 ||     8
  Use: Scroll            |       |       |     5 |    18 |     5 |     6 ||    34
       Potion            |       |       |       |       |     2 |     3 ||     5
 Stab: Sleeping          |     1 |     9 |     1 |     6 |     6 |     2 ||    25
       Paralysed         |       |       |       |    23 |    43 |     6 ||    72
       Distracted        |       |       |       |       |     6 |     1 ||     7
       Petrified         |       |       |       |       |     2 |       ||     2
Armor: Robe              |     4 |    37 |     3 |       |    41 |   131 ||   216
       Leather armour    |       |       |    64 |    77 |   237 |       ||   378
Dodge: Dodged            |    48 |    95 |   218 |   251 |   453 |   185 ||  1250
Block: Other             |       |       |       |    44 |   133 |    22 ||   199
       Reflection        |       |       |       |     2 |     2 |    17 ||    21
       Buckler           |       |       |       |       |       |   150 ||   150

Table legend: (Time is in decaauts)
 A = Elapsed time spent in this place.
 B = Non-inter-level travel time spent in this place.
 C = Inter-level travel time spent in this place.
 D = Time resting spent in this place.
 E = Time spent auto-exploring this place.
 F = Levels seen in this place.
 G = Mean time per level.
                   A        B        C        D        E       F      G
               +--------+--------+--------+--------+--------+-----+--------+
         Total |  35666 |  33643 |   2023 |    452 |  26988 |  26 | 1371.8 |
       Dungeon |  20893 |  19388 |   1505 |    138 |  16123 |  15 | 1392.9 |
        Temple |    114 |    101 |     13 |      0 |     90 |   1 |  114.0 |
          Lair |   9648 |   9311 |    337 |     43 |   7754 |   6 | 1608.0 |
   Spider Nest |    144 |    144 |      0 |      0 |      0 |   1 |  144.0 |
  Orcish Mines |   3221 |   3054 |    167 |     16 |   2314 |   2 | 1610.5 |
        Bailey |   1644 |   1644 |      0 |    255 |    707 |   1 | 1644.0 |
               +--------+--------+--------+--------+--------+-----+--------+

Top non-repeatable levels by time:
   Orc:2: 2486 daAuts
  Lair:6: 2379 daAuts
    D:15: 2045 daAuts
    D:12: 1978 daAuts
  Lair:3: 1813 daAuts
  Lair:2: 1730 daAuts
  Bailey: 1644 daAuts
     D:3: 1632 daAuts
     D:8: 1571 daAuts
    D:13: 1519 daAuts
     D:4: 1493 daAuts
     D:6: 1485 daAuts
     D:1: 1391 daAuts
    D:11: 1325 daAuts
    D:14: 1298 daAuts
